 Dungeon Crawl Stone Soup version 0.24.0-37-gcf1ca852f1 (webtiles) character file.

Game seed: 5772500341997290714, levelgen mode: deterministic

4378 Johnny the Spear-Bearer (level 9, -2/81 HPs)
             Began as a Demigod Gladiator on Nov 24, 2019.
             Hit by a large rock thrown by a cyclops (28 damage)
             ... on level 9 of the Dungeon.
             The game lasted 00:08:58 (8743 turns).

Johnny the Spear-Bearer (Demigod Gladiator)         Turns: 8743, Time: 00:08:58

Health: -2/81      AC: 10    Str: 23    XL:     9   Next: 90%
Magic:  11/11      EV:  9    Int: 14    God:
Gold:   459        SH:  0    Dex: 17    Spells: 8/8 levels left

rFire    . . .     SeeInvis .   b - +5 trident
rCold    . . .     Gourm    +   (no shield)
rNeg     . . .     Faith    .   x - +0 chain mail
rPois    .         Spirit   .   e - +0 helmet
rElec    .         Reflect  .   g - +0 cloak
rCorr    .         Harm     .   (no gloves)
MR       .....                  (no boots)
Stlth    ..........             y - amulet of the gourmand
HPRegen  0.23/turn              c - +2 ring of intelligence
MPRegen  0.12/turn              (no ring)

@: no status effects
A: high mp 1
a: no special abilities


You were on level 9 of the Dungeon.
You were very full.

You visited 1 branch of the dungeon, and saw 9 of its levels.

You collected 459 gold pieces.

Inventory:

Hand Weapons
 b - a +5 trident (weapon)
 D - a +3 halberd
 H - a +0 bardiche
Missiles
 d - 2 throwing nets (quivered)
Armour
 e - a +0 helmet (worn)
 g - a +0 cloak (worn)
 x - a +0 chain mail (worn)
Jewellery
 c - a +2 ring of intelligence (left hand)
 y - an amulet of the gourmand (around neck)
 J - an uncursed amulet of rage {unknown}
Wands
 o - a wand of random effects (56)
 p - a wand of polymorph (5)
 t - a wand of enslavement (1)
 E - a wand of iceblast (7)
 F - a wand of flame (17)
 L - a wand of acid (6)
Scrolls
 k - 2 scrolls of teleportation
 l - 4 scrolls of blinking
 n - a scroll of noise {unknown}
 r - 2 scrolls of random uselessness {unknown}
 s - 5 scrolls of remove curse
 u - a scroll of amnesia {unknown}
 v - 3 scrolls of fog
 w - 4 scrolls of immolation
 A - 2 scrolls of torment {unknown}
 I - a scroll of fear {unknown}
 K - 2 scrolls of vulnerability {unknown}
 M - a scroll of enchant weapon {unknown}
Potions
 a - 2 potions of haste
 h - a potion of lignification {unknown}
 j - a potion of resistance {unknown}
 m - a potion of brilliance {unknown}
 q - 2 potions of might
 z - a potion of curing {unknown}
 B - a potion of mutation {unknown}
 C - 2 potions of agility
 G - a potion of berserk rage {unknown}
Comestibles
 f - 16 rations


   Skills:
 + Level 8.0 Fighting
 * Level 11.3 Polearms
 - Level 1.7 Throwing
 - Level 2.6 Dodging


You had 8 spell levels left.
You didn't know any spells.
Your spell library contained the following spells:

 Spells                   Type           Power        Failure   Level  Hunger
 Corona                   Hex            #......      95%         1    ##.....
 Summon Small Mammal      Summ           #...         95%         1    ##.....
 Call Imp                 Summ           #.......     99%         2    ###....
 Ensorcelled Hibernation  Hex/Ice        #.....       99%         2    ###....
 Call Canine Familiar     Summ           #.......     100%        3    ####...
 Confuse                  Hex            #.......     100%        3    ####...
 Dazzling Spray           Conj/Hex       #.....       100%        3    ####...
 Summon Guardian Golem    Hex/Summ       #.......     100%        3    ####...
 Tukima's Dance           Hex            #.......     100%        3    ####...
 Summon Ice Beast         Ice/Summ       #.......     100%        4    #####..
 Summon Lightning Spire   Summ/Air       #.......     100%        4    #####..


Dungeon Overview and Level Annotations

Branches:
Dungeon (9/15)             Temple (0/1) D:7
   Lair: D:8-11         Orc: D:9-12

Shops:
D:5 }


Innate Abilities, Weirdness & Mutations

You have an increased reservoir of magic. (+10% MP)


Message History

Aim: a wyvern (almost dead)
The mass of ice explodes!
The iceblast engulfs the wyvern!
You kill the wyvern!
Evoke which item? (* to show all) (? for menu, Esc to quit)
Aiming: Corrosive Bolt
Press: ? - help, Shift-Dir - straight line, f - cyclops
Aim: a cyclops The bolt of acid hits the cyclops!
The cyclops is splashed with acid.
The acid corrodes the cyclops!
The cyclops is moderately wounded.
The cyclops throws a large rock.
The large rock hits you!!
Evoke which item? (* to show all) (? for menu, Esc to quit)
Aiming: Corrosive Bolt
Press: ? - help, Shift-Dir - straight line, f/p - cyclops
Aim: a cyclops (moderately wounded, covered in acid)
The bolt of acid hits the cyclops!
The cyclops is splashed with acid.
The cyclops seems to be corroded for longer.
The cyclops is severely wounded.
The cyclops throws a large rock.
The large rock hits you!!
You die...

#..# ##'#.#...###.... #...
C.#...##.....<... #..#
##..##...###.......
#...###.....#.#'#.#..##...
#..#.....#####...##.###..
#......###.#......#.# #..
#..)###...##..#..### ##.
#.#C#......#......#####. #
#..).@#..##...###._...
##..###...'.### #.....
#...###..### #.....
##..#.....# #####.
#......### ## ##...### #
#.### # ### #


You could see a cyclops.

Vanquished Creatures
  A wyvern (D:9)
  2 hogs (D:7)
  A hungry ghost (D:7)
  A vampire mosquito (D:9)
  An orc warrior (D:6)
  A black bear (D:8)
  2 phantoms
  5 ogres
  3 sky beasts
  An ice beast (D:8)
  4 centaurs
  7 bullfrogs
  A wyvern skeleton (D:9)
  2 scorpions
  3 wights
  5 crimson imps
  2 bullfrog zombies
  A quasit (D:9)
  3 hounds
  2 bullfrog skeletons
  5 orc priests
  A centaur skeleton (D:6)
  3 jellies
  7 orc wizards
  An iguana (D:7)
  7 worker ants
  A hound zombie (D:8)
  A hound skeleton (D:7)
  5 adders
  2 shadow imps
  2 adder zombies
  2 adder skeletons
  6 worms
  3 dart slugs
  5 leopard geckos
  22 orcs
  A ball python (D:4)
  2 bats
  6 giant cockroaches
  8 goblins
  10 hobgoblins
  8 jackals
  8 kobolds
  3 quokkas
  A frilled lizard (D:2)
  A quokka skeleton (D:8)
  6 rats
175 creatures vanquished.

Vanquished Creatures (collateral kills)
  A yak (D:7)
  A wight (D:5)
  An orc wizard (D:5)
  4 gnolls (D:6)
  3 orcs (D:5)
  A quokka (D:5)
11 creatures vanquished.

Vanquished Creatures (others)
  A hog (D:7)
  A human (D:7)
  An orc warrior (D:9)
  2 wights
5 creatures vanquished.

Grand Total: 191 creatures vanquished

Notes
Turn   | Place    | Note
-------+----------+-------------------------------------------
     0 | D:1      | Johnny the Demigod Gladiator began the quest for the Orb.
     0 | D:1      | Reached XP level 1. HP: 17/17 MP: 3/3
    79 | D:1      | Reached skill level 3 in Polearms
   103 | D:1      | Reached XP level 2. HP: 20/24 MP: 4/4
   615 | D:2      | Reached XP level 3. HP: 30/30 MP: 5/5
   680 | D:2      | Found an iron altar of Okawaru.
   834 | D:2      | Reached skill level 4 in Polearms
   883 | D:2      | Noticed an ogre
  1082 | D:2      | HP: 1/30 [worm (11)]
  1421 | D:2      | Reached XP level 4. HP: 37/37 MP: 6/6
  1548 | D:2      | Killed an ogre
  1548 | D:2      | Reached XP level 5. HP: 45/45 MP: 7/7
  1869 | D:3      | Reached skill level 5 in Polearms
  1908 | D:3      | Found a sparkling altar of Nemelex Xobeh.
  1909 | D:3      | Found a shimmering blue altar of Sif Muna.
  2149 | D:3      | Found a blossoming altar of Fedhas.
  2864 | D:4      | Found a radiant altar of Vehumet.
  2947 | D:4      | Found a glowing golden altar of the Shining One.
  3068 | D:4      | Found a shimmering altar of Xom.
  3079 | D:4      | Reached XP level 6. HP: 51/52 MP: 8/8
  3424 | D:4      | Found a hide-covered altar of Uskayaw.
  3521 | D:5      | Entered Level 5 of the Dungeon
  3740 | D:4      | Reached skill level 6 in Polearms
  4218 | D:5      | Reached XP level 7. HP: 45/60 MP: 9/9
  4322 | D:5      | Found a shattered altar of Ashenzari.
  4401 | D:5      | Found Qaaptir's Gadget Boutique.
  4504 | D:5      | Reached skill level 7 in Polearms
  4654 | D:5      | Reached skill level 5 in Fighting
  4915 | D:5      | Found a sacrificial altar of Ru.
  5081 | D:6      | Reached XP level 8. HP: 36/69 MP: 10/10
  5269 | D:6      | Found a shattered altar of Ashenzari.
  5270 | D:6      | You fall into a shaft and drop 2 floors!
  5294 | D:8      | Found a shadowy altar of Dithmenos.
  5307 | D:8      | Reached skill level 8 in Polearms
  6187 | D:8      | Reached skill level 9 in Polearms
  6463 | D:7      | Reached XP level 9. HP: 54/78 MP: 11/11
  6494 | D:7      | Reached skill level 10 in Polearms
  7566 | D:6      | You fall into a shaft and drop 2 floors!
  7722 | D:8      | Found an ornate altar of the Wu Jian Council.
  8056 | D:7      | Found a staircase to the Ecumenical Temple.
  8449 | D:9      | Found an ancient bone altar of Kikubaaqudgha.
  8474 | D:9      | Reached skill level 11 in Polearms
  8730 | D:9      | Noticed a cyclops
  8743 | D:9      | Hit by a large rock thrown by a cyclops

Levels and vault maps discovered:
D:1:      dpeg_arrival_renting, layout_rooms, minmay_hedge_maze, minivault_24
D:2:      layout_rooms, overflow_temple_1_default, first_ration
D:3:      layout_loops_ring, fedhas_altar_2,
          chequers_temple_overflow_statue_of_worship
D:4:      layout_loops_corners, marbit_many_paths, tso_oasis_becter,
          kennysheep_little_box, led_xom_imps
D:5:      layout_loops_cross, lemuel_doored_altar, nicolae_ru_path_of_blood,
          serial_shops, shop
D:6:      layout_rooms, ashenzari_altar_1
D:7:      layout_loops_ring, temple_hall, grunt_livestock
D:8:      layout_basic, kennysheep_mini, overflow_temple_1_default,
          serial_park_tiny_pond, minmay_fractal_squares_diagonal_5
D:9:      minmay_slanted_spiral_squares, layout_basic,
          overflow_temple_1_default, makhleb_grotto_becter

Skill      XL: |  1  2  3  4  5  6  7  8  9 |
---------------+----------------------------+-----
Fighting       | 2 3 4 5 6 8 |  8.0
Polearms       | 3 4 5 6 7 9 11 | 11.3
Throwing       | |  1.7
Dodging        | |  2.6

Action                   |  1- 3 |  4- 6 |  7- 9 || total
-------------------------+-------+-------+-------++-------
Melee: Trident           |   139 |   167 |   409 ||   715
Throw: Throwing net      |       |     3 |       ||     3
Evoke: Wand              |       |     3 |    15 ||    18
  Use: Scroll            |       |     1 |     7 ||     8
 Stab: Held in net/web   |       |     2 |       ||     2
       Sleeping          |       |     1 |       ||     1
       Paralysed         |       |     1 |       ||     1
  Eat: Chunk             |       |    10 |    32 ||    42
Armor: Leather armour    |    22 |    30 |       ||    52
       Chain mail        |       |     1 |   150 ||   151
Dodge: Dodged            |    85 |    75 |   104 ||   264
